 Dungeon Crawl Stone Soup version 0.25-a0-558-g78a2afb0af (webtiles) character file.

Game seed: 13852384734486686969, levelgen mode: deterministic

984 Gargoyl the Chopper (level 7, -6/59 HPs)
             Began as a Centaur Abyssal Knight on Feb 24, 2020.
             Was a Priest of Lugonu.
             Mangled by an orc warrior
             ... wielding a +0 war axe
              (19 damage)
             ... on level 6 of the Dungeon.
             The game lasted 00:07:36 (5329 turns).

Gargoyl the Chopper (Centaur Abyssal Knight)        Turns: 5329, Time: 00:07:37

Health: -6/59      AC: 11    Str: 15    XL:     7   Next: 97%
Magic:  19/19      EV:  3    Int: 11    God:    Lugonu [***...]
Gold:   357        SH:  0    Dex: 10    Spells: 6/6 levels left

rFire    . . .     SeeInvis .   a - +3 hand axe
rCold    + . .     Gourm    .   (no shield)
rNeg     . . .     Faith    .   e - +0 plate armour {rC+}
rPois    .         Spirit   .   f - +2 hat
rElec    .         Reflect  .   (no cloak)
rCorr    .         Harm     .   (no gloves)
MR       .....                  (no barding)
Stlth    ..........             (no amulet)
HPRegen  0.19/turn              d - ring of magical power
MPRegen  0.16/turn              (no ring)

@: very quick
A: large, hooves 3, deformed body, speed 2, tough skin 3
a: Depart the Abyss, Bend Space, Banish, Renounce Religion


You were on level 6 of the Dungeon.
You worshipped Lugonu.
Lugonu was most pleased with you.
You were near starving.

You visited 1 branch of the dungeon, and saw 6 of its levels.
You visited the Abyss 1 time.

You collected 357 gold pieces.

Inventory:

Hand Weapons
 a - a +3 hand axe (weapon)
Missiles
 q - 3 boomerangs (quivered)
Armour
 e - a +0 plate armour of cold resistance (worn)
 f - a +2 hat (worn)
Jewellery
 d - a ring of magical power (left hand)
Wands
 o - a wand of paralysis (11)
Scrolls
 h - a scroll of blinking
 l - a scroll of identify
Potions
 b - a potion of might
 g - 2 potions of resistance
 j - a potion of haste {unknown}
 k - a potion of stabbing {unknown}
 m - a potion of brilliance
 n - 2 potions of curing {unknown}
 p - a potion of degeneration {unknown}
Comestibles
 c - 7 rations
 i - a chunk of flesh


   Skills:
 + Level 4.2 Fighting
 + Level 5.1 Axes
   Level 0.3(3.1) Polearms
 * Level 3.7 Armour
 * Level 2.5 Dodging
 * Level 4.2 Invocations


You had 6 spell levels left.
You didn't know any spells.
Your spell library contained the following spells:

 Spells                   Type           Power        Failure   Level  Hunger
 Animate Skeleton         Necr           N/A          100%        1    ##.....
 Apportation              Tloc           #.....       100%        1    ##.....
 Corona                   Hex            #......      100%        1    ##.....
 Magic Dart               Conj           #...         100%        1    ##.....
 Summon Small Mammal      Summ           #...         100%        1    ##.....
 Poisonous Vapours        Pois/Air       #.....       100%        2    ###....
 Searing Ray              Conj           #.....       100%        2    ###....
 Conjure Flame            Conj/Fire      #.......     100%        3    ####...
 Dazzling Flash           Conj/Hex       #.....       100%        3    ####...
 Mephitic Cloud           Conj/Pois/Air  #.......     100%        3    ####...
 Fulminant Prism          Conj/Hex       #.........   100%        4    #####..
 Iskenderun's Mystic Bla  Conj/Tloc      #.......     100%        4    #####..
 Freezing Cloud           Conj/Ice/Air   #.........   100%        6    #######
 Ring of Flames           Chrm/Fire      #.........   100%        7    #######


Dungeon Overview and Level Annotations

Branches:
Dungeon (6/15)
 Temple: D:4-7

Altars:
Ashenzari
Hepliaklqana
Ru
Sif Muna
Trog
The Shining One


Innate Abilities, Weirdness & Mutations

You have hooves in place of feet.
Armour fits poorly on your strangely shaped body.
You cover ground very quickly.
You have extremely tough skin. (AC +3)


Message History

The adder skeleton bites you but does no damage.
Your plate armour prevents you from hitting the orc warrior.
The orc warrior is lightly wounded.
You hit the adder skeleton.
The adder skeleton completely misses you.
The orc warrior hits you with a +0 war axe!!
* * * LOW HITPOINT WARNING * * *
Unknown command.
You closely miss the orc warrior.
The orc warrior is lightly wounded.
Your plate armour prevents you from hitting the adder skeleton.
The adder skeleton bites you but does no damage.
The orc warrior hits you but does no damage.
The adder skeleton bites you but does no damage.
Unknown command.
You hit the orc warrior. You kick the orc warrior.
The orc warrior is moderately wounded.
Your plate armour prevents you from hitting the adder skeleton.
The orc warrior hits you with a +0 war axe!!
You die...

#.## +.o_..o.#.#.# ...
#§♣.♣.###o#.# #####.##
o. #o#.# .......###+#
#.#.#
[.......#..#####.#.# .
.. #.........o....#
.....#...#######....##
.....#...# #.......###
#......@o# ###.........#
######..Z# #.........#.#
#...###.###....##.#
#####...##............#
.........##..####...####
######...#.............
..................###.#
#######.#.......### #
#.#....##.#


You could see an orc warrior and an adder skeleton.

Vanquished Creatures
  Grinder (D:4)
  Menkaure (D:4)
  A howler monkey (D:4)
  A centaur zombie (D:5)
  3 hounds
  3 orc priests
  6 orc wizards
  3 worker ants
  A gnoll (D:1)
  7 adders
  3 oozes
  2 worms
  A dart slug (D:2)
  14 orcs
  A ball python (D:5)
  4 giant cockroaches
  8 goblins
  8 hobgoblins
  4 jackals (D:1)
  3 quokkas
  3 bats (D:2)
  10 frilled lizards
  9 kobolds
  2 quokka skeletons (D:4)
  6 rats
105 creatures vanquished.

Notes
Turn   | Place    | Note
-------+----------+-------------------------------------------
     0 | Abyss:1  | Gargoyl the Centaur Abyssal Knight began the quest for the
                  | Orb.
     0 | Abyss:1  | Reached XP level 1. HP: 19/19 MP: 2/2
    76 | Abyss:2  | Noticed a tentacled starspawn
   122 | Abyss:2  | Noticed a large abomination
   123 | Abyss:2  | Noticed a starcursed mass
   124 | Abyss:2  | Noticed a small abomination
   126 | D:1      | Escaped the Abyss
   373 | D:1      | Reached * piety under Lugonu
   414 | D:1      | Reached XP level 2. HP: 25/26 MP: 3/3
   473 | D:1      | Reached skill level 2 in Axes
   705 | D:1      | Reached skill level 1 in Dodging
   705 | D:1      | Reached XP level 3. HP: 26/31 MP: 4/4
  1132 | D:2      | Found a shattered altar of Ashenzari.
  1339 | D:2      | Reached ** piety under Lugonu
  1514 | D:1      | Reached XP level 4. HP: 28/38 MP: 5/5
  2062 | D:2      | Reached skill level 3 in Axes
  2062 | D:2      | Reached XP level 5. HP: 38/45 MP: 7/7
  2961 | D:4      | Reached *** piety under Lugonu
  2961 | D:4      | Reached XP level 6. HP: 42/52 MP: 8/8
  3174 | D:4      | Reached skill level 4 in Axes
  3202 | D:4      | Noticed Menkaure
  3214 | D:4      | Killed Menkaure
  3214 | D:4      | Reached XP level 7. HP: 5/58 MP: 9/9
  3511 | D:4      | Noticed Grinder
  3533 | D:4      | Killed Grinder
  3889 | D:4      | Got an iridescent trident
  3890 | D:4      | Identified the +3 trident of Beffoari {freeze, +Fly rC+
                  | MR++} (You found it on level 4 of the Dungeon)
  4020 | D:4      | Found a sacrificial altar of Ru.
  4079 | D:4      | Found a glowing golden altar of the Shining One.
  4112 | D:5      | Entered Level 5 of the Dungeon
  4195 | D:5      | Found a shimmering blue altar of Sif Muna.
  4302 | D:5      | Reached skill level 5 in Axes
  4466 | D:5      | Found a hazy altar of Hepliaklqana.
  4958 | D:6      | Found a bloodstained altar of Trog.
  5329 | D:6      | Mangled by an orc warrior

Levels and vault maps discovered:
D:1:      saegor_arrival_simple_e, layout_basic, minmay_distorted
D:2:      cheibrodos_pilgrimage, layout_basic, ashenzari_conservatory_becter,
          first_ration
D:3:      layout_loops_ring
D:4:      layout_rooms, tso_oasis_becter, marbit_many_paths,
          kennysheep_cluttered_room, serial_bayou_lake_a, uniq_menkaure,
          uniq_grinder
D:5:      layout_basic, lemuel_round_altar, basic_altar
D:6:      layout_loops_ring, lemuel_crystal_altar, kennysheep_little_box,
          basic_altar, uniq_eustachio

Skill      XL: |  1  2  3  4  5  6  7 |
---------------+----------------------+-----
Axes           | 2 3 4 5 |  5.1
Dodging        | 1 2 |  2.5
Armour         | 2 3 |  3.7
Invocations    | 3 4 |  4.2
Fighting       | 4 |  4.2
Polearms       | |  0.3

Action                   |  1- 3 |  4- 6 |  7- 9 || total
-------------------------+-------+-------+-------++-------
Melee: Hand axe          |    92 |   133 |    47 ||   272
       Kick              |    11 |    33 |    16 ||    60
       Trident           |       |       |    44 ||    44
Invok: Depart the Abyss  |     1 |       |       ||     1
       Bend Space        |       |       |     1 ||     1
  Use: Scroll            |     6 |     7 |       ||    13
       Potion            |       |     1 |     2 ||     3
  Eat: Chunk             |       |     5 |     5 ||    10
Armor: Plate armour      |    95 |    99 |    88 ||   282
Dodge: Dodged            |    13 |    20 |    11 ||    44

Table legend:
 A = Non-vault XP
 B = Vault XP
 C = Vault XP percentage of total XP
 D = Non-vault monster count
 E = Vault monster count
 F = Vault count percentage of total count
                 A         B        C        D         E       F
            +---------+---------+-------+---------+---------+-------
      Total |     778 |     629 |  44.7 |      92 |      13 |  12.4
            +---------+---------+-------+---------+---------+-------
        D:1 |      38 |      93 |  71.0 |      17 |       8 |  32.0
        D:2 |      33 |      82 |  71.3 |      20 |       2 |   9.1
        D:3 |     109 |       0 |   0.0 |      27 |       0 |   0.0
        D:4 |     332 |     454 |  57.8 |      15 |       3 |  16.7
        D:5 |     263 |       0 |   0.0 |      12 |       0 |   0.0
        D:6 |       3 |       0 |   0.0 |       1 |       0 |   0.0
            +---------+---------+-------+---------+---------+-------
